 Dungeon Crawl Stone Soup version 0.31.0-32-g396128a36d (webtiles) character file.

Game seed: 6229110818859381849

100 NotreDorf the Magician (level 4, -4/30 HPs)
             Began as a Mummy Conjurer on Mar 28, 2024.
             Was an Initiate of Yredelemnul.
             Slain by a gnoll
             ... wielding a +0 halberd
              (9 damage)
             ... on level 4 of the Dungeon.
             The game lasted 00:13:27 (3344 turns).

NotreDorf the Magician (Mummy Conjurer)             Turns: 3344, Time: 00:13:29

Health: -4/30      AC:  6    Str: 10    XL:     4   Next: 47%
Magic:  1/10       EV: 12    Int: 19    God:    Yredelemnul [......]
Gold:   181        SH:  0    Dex: 10    Spells: 6/11 levels left

rFire   . . .        n - +0 flail
rCold   + + .        b - orb {light}
rNeg    + + +        a - +0 robe
rPois   ∞            (no helmet)
rElec   .            (no cloak)
rCorr   +            (no gloves)
SInv    .            m - +3 pair of mountain boots {steadfast, rC+}
Will    .....        (no amulet)
Stlth   +            h - ring of protection from fire
HPRegen 0.25/turn    g - ring of resist corrosion
MPRegen 0.12/turn

%: faith
@: glowing
A: cold resistance 1, negative energy resistance 3, torment resistance 2, heat
vulnerability 1, in touch with death 1, no potions, faith
a: Renounce Religion, Recall Undead Harvest


You were on level 4 of the Dungeon.
You worshipped Yredelemnul.
Yredelemnul was noncommittal.
You visited 1 branch of the dungeon, and saw 4 of its levels.

You collected 207 gold pieces.
You spent 26 gold pieces at shops.

Inventory:

Hand Weapons
 n - a +0 flail (weapon)
Armour
 a - a +0 robe (worn)
 b - an orb of light (worn)
 m - the +3 pair of mountain boots (worn) {steadfast, rC+}
   (You found it on level 2 of the Dungeon)

   Steadfast: It prevents involuntary movement, except for blinking,
   teleportation, or banishment.
   rC+:       It protects you from cold.
Jewellery
 g - a ring of resist corrosion (right hand)
 h - a ring of protection from fire (left hand)
Scrolls
 d - 2 scrolls of enchant weapon
 e - 2 scrolls of blinking {unknown}
 f - 2 scrolls of torment
 i - a scroll of teleportation {unknown}
 j - 3 scrolls of identify
 k - a scroll of silence {unknown}
 l - a scroll of brand weapon {unknown}


   Skills:
 + Level 2.6 Dodging
 - Level 1.5 Stealth
 + Level 4.0 Spellcasting
 + Level 3.9 Conjurations


You had 6 spell levels left.
You knew the following spells:

 Your Spells              Type           Power      Damage    Failure   Level
a - Magic Dart            Conj           72%        1d6       2%          1
b - Searing Ray           Conj           36%        2d5       4%          2
c - Blink                 Tloc           6%         N/A       21%         2

Your spell library contained the following spells:

 Spells                   Type           Power      Damage    Failure   Level
 Momentum Strike          Conj/Tloc      22%        3d8       10%         2
 Lesser Beckoning         Tloc           6%         N/A       21%         2
 Gell's Gravitas          Tloc           3%         N/A       38%         3
 Teleport Other           Tloc           3%         N/A       38%         3
 Tukima's Dance           Hex            3%         N/A       38%         3
 Fulminant Prism          Conj/Alch      5%         3d7       52%         4
 Iskenderun's Mystic Bla  Conj/Tloc      11%        2d4       52%         4
 Dimensional Bullseye     Hex/Tloc       1%         N/A       80%         4
 Passage of Golubria      Tloc           3%         N/A       80%         4
 Borgnjor's Vile Clutch   Necr/Erth      2%         N/A       98%         5
 Yara's Violent Unravell  Hex/Alch       1%         3d3       98%         5
 Animate Dead             Necr           Unusable   N/A       N/A         4
 Death Channel            Necr           Unusable   N/A       N/A         6

Dungeon Overview and Level Annotations

Branches:
Dungeon (4/15)
 Temple: D:4-7

Altars:
Fedhas
Yredelemnul

Shops:
D:1 ?*=   D:2 *


Innate Abilities, Weirdness & Mutations

You are immune to poison.
Your flesh is cold resistant. (rC+)
You are immune to negative energy. (rN+++)
You are immune to unholy pain and torment.
You are vulnerable to heat. (rF-)
You are in touch with the powers of death.
You do not drink.
You have a special connection with the divine. (Faith)


Message History

Your kobold zombie closely misses the gnoll.
The gnoll hits your kobold zombie with a +0 club.
The gnoll barely misses you.
The searing ray hits the gnoll.
You kill the gnoll!
The dead are walking!
The gnoll hits you from afar with a +0 halberd!
The gnoll hits your kobold zombie with a +0 club!
Your kobold zombie is destroyed!
Without enough magic to sustain it, your searing ray dissipates.
The gnoll closely misses you.
A giant cockroach comes into view.
The gnoll barely misses you. x2
You see here a +0 spear.
You hit the gnoll.
The gnoll is almost dead.
The gnoll hits you but does no damage.
Your gnoll zombie closely misses the gnoll.
The gnoll closely misses you.
You hit the gnoll but do no damage.
The gnoll is almost dead.
The gnoll completely misses you. The gnoll hits you with a +0 club.
Your gnoll zombie hits the gnoll but does no damage.
The gnoll barely misses you. The gnoll closely misses you.
You sock the gnoll!
You kill the gnoll!
The dead are walking!
Your gnoll zombie barely misses the gnoll.
The gnoll hits you with a +0 halberd.
Your gnoll zombie barely misses the gnoll.
Your Spellcasting skill increases to level 4!
You hit the gnoll.
The gnoll is moderately wounded.
The giant cockroach barely misses you. The gnoll hits you with a +0 halberd!
* * * LOW HITPOINT WARNING * * *
The giant cockroach barely misses you.
Your gnoll zombie hits the giant cockroach but does no damage.
Your gnoll zombie hits the gnoll.
The gnoll hits you with a +0 halberd!
You die...
You join the legions of the undead harvest.

#...# #...# .# .# #..##
.# .### .# #..# ##.#
..###.# ##..# #..#
#.....# ...## #..#
#.....## .. ...## #..#
#......#... ....# #..#
##....Z..... ....# #..#
##...@B...... ....###..#
#.....g......
.....#...###.)..Z$###...
.........#.......## .
................##
..............###
..............#
....##........#
...###.........#


You could see a gnoll (ally target), a giant cockroach (distracted, ally target)
and 2 friendly gnoll zombies.

Vanquished Creatures
  3 gnolls (D:4)
  2 ribbon worms (D:2)
  8 orcs (D:3)
  5 endoplasms
  5 giant cockroaches
  2 hobgoblins
  8 jackals
  2 quokkas
  6 ball pythons
  4 bats
  A kobold (D:4)
  6 rats
52 creatures vanquished.

Vanquished Creatures (collateral kills)
  An endoplasm (D:3)
  A kobold (D:2)
2 creatures vanquished.

Vanquished Creatures (others)
  A kobold zombie (D:4)
  2 orc zombies (D:3)
  A quokka zombie (D:4)
4 creatures vanquished.

Grand Total: 58 creatures vanquished

Notes
Turn   | Place    | Note
-------+----------+-------------------------------------------
     0 | D:1      | NotreDorf the Mummy Conjurer began the quest for the Orb.
     0 | D:1      | Reached XP level 1. HP: 13/13 MP: 4/4
    68 | D:1      | Found Syhogroung's Assorted Antiques.
   285 | D:1      | Reached skill level 3 in Spellcasting
   306 | D:1      | Reached XP level 2. HP: 17/19 MP: 4/6
   886 | D:1      | Found Cakeothri's Jewellery Shoppe.
   982 | D:1      | Found Ruemicif's Magic Scroll Emporium.
   985 | D:1      | Bought a scroll of identify for 26 gold pieces
  1067 | D:2      | Learned a level 2 spell: Searing Ray
  1283 | D:2      | Found Zulifuoj's Assorted Antiques.
  1405 | D:2      | Reached XP level 3. HP: 24/24 MP: 2/7
  1568 | D:2      | Found a faded altar of an unknown god.
  1577 | D:2      | Prayed at the altar of an unknown god.
  1577 | D:2      | Became a worshipper of Yredelemnul the Dark
  1577 | D:2      | Reached * piety under Yredelemnul
  1677 | D:2      | Found the +3 pair of mountain boots {steadfast, rC+}
  2584 | D:3      | Found a blossoming altar of Fedhas.
  3109 | D:4      | Learned a level 2 spell: Blink
  3113 | D:4      | Reached XP level 4. HP: 30/30 MP: 6/9
  3344 | D:4      | Reached skill level 4 in Spellcasting
  3344 | D:4      | Slain by a gnoll

Illustrated notes

Levels and vault maps discovered:
D:1:      saegor_arrival_simple_e, layout_basic, serial_forest,
          infiniplex_forest_lined_2, infiniplex_forest_end_2,
          infiniplex_forest_lined_room_2, infiniplex_forest_clump_double,
          infiniplex_forest_clump_double, infiniplex_forest_lined_room_2,
          infiniplex_forest_clump_double, serial_shops, shop,
          nicolae_shop_rolled_up, shop
D:2:      layout_loops_ring, serial_shops, shop,
          dreamdust_ecumenical_altar_hidden_monk_grotto
D:3:      layout_loops_corners, amcnicky_altar_gilded
D:4:      layout_layer_cave, minmay_bisected

Skill      XL: |  1  2  3  4 |
---------------+-------------+-----
Spellcasting   | 3 4 |  4.0
Dodging        | 2 |  2.6
Stealth        | |  1.5
Conjurations   | |  3.9

Action                     |  1- 3 |  4- 6 || total
---------------------------+-------+-------++-------
  Melee: Dagger            |    64 |       ||    64
         Flail             |     2 |     5 ||     7
   Cast: Magic Dart        |    80 |    11 ||    91
         Searing Ray       |     2 |     2 ||     4
    Use: Scroll            |     2 |       ||     2
 Armour: Robe              |    30 |     7 ||    37
  Dodge: Dodged            |    45 |    12 ||    57
